 Dungeon Crawl Stone Soup version 0.29-a0-233-g1125b37a9b (webtiles) character file.

Game seed: 4493496887371984575

846 Strat the Nimble (level 8, -1/62 HPs)
             Began as a Merfolk Berserker on Mar 1, 2022.
             Was an Elder of Trog.
             Slain by an iguana (8 damage)
             ... on level 4 of the Dungeon.
             The game lasted 00:06:12 (4442 turns).

Strat the Nimble (Merfolk Berserker)                Turns: 4442, Time: 00:06:13

Health: -1/62      AC: 10    Str: 18    XL:     8   Next: 0%
Magic:  8/8        EV: 14    Int:  6    God:    Trog [****..]
Gold:   172        SH:  0    Dex: 15    Spells: 7/7 levels left

rFire   . . .      SeeInvis .   a - +0 spear (vorpal)
rCold   + . .      Faith    .   (no shield)
rNeg    . . .      Spirit   .   h - +0 ring mail
rPois   .          Reflect  .   g - +2 helmet
rElec   .          Harm     .   (no cloak)
rCorr   .          Rampage  .   l - +0 pair of gloves
Will    .....                   j - +0 pair of boots
Stlth   +.........              (no amulet)
HPRegen 0.20/turn               n - ring of protection from cold
MPRegen 0.11/turn               (no ring)

@: no status effects
A: (nimble swimmer 2), mertail
a: Renounce Religion, Berserk, Trog's Hand, Brothers in Arms


You were on level 4 of the Dungeon.
You worshipped Trog.
Trog was greatly pleased with you.
You visited 1 branch of the dungeon, and saw 5 of its levels.
You also visited: Ossuary.

You collected 172 gold pieces.

Inventory:

Hand Weapons
 a - a +0 vorpal spear (weapon)
 t - a +0 bardiche
Missiles
 c - 3 javelins (quivered)
 d - 5 poisoned darts
 f - 5 curare-tipped darts
Armour
 b - a +0 animal skin
 g - a +2 helmet (worn)
 h - a +0 ring mail (worn)
 j - a +0 pair of boots (worn)
 l - a +0 pair of gloves (worn)
 o - +0 storm dragon scales
Jewellery
 n - a ring of protection from cold (left hand)
 v - a ring of fire
 A - a ring of magical power
Wands
 B - a wand of mindburst (8)
Scrolls
 e - a scroll of teleportation {unknown}
 q - a scroll of fog {unknown}
 x - a scroll of brand weapon
 y - a scroll of enchant weapon {unknown}
 C - a scroll of fear
Potions
 i - 7 potions of curing
 k - a potion of mutation
 m - 6 potions of heal wounds {unknown}
 p - a potion of attraction {unknown}
 r - a potion of ambrosia {unknown}
 s - 2 potions of brilliance {unknown}
 u - 2 potions of lignification {unknown}
 w - 2 potions of might {unknown}
 z - a potion of degeneration {unknown}


   Skills:
 - Level 5.0 Fighting
 - Level 8.0 Polearms
 - Level 1.3 Armour
 + Level 8.3 Dodging


You had 7 spell levels left.
You didn't know any spells.
Your spell library was empty.

Dungeon Overview and Level Annotations

Branches:
Dungeon (5/15)            Ossuary (visited)
 Temple: D:4-7

Altars:
Elyvilon
Gozag
Nemelex Xobeh
Qazlal


Innate Abilities, Weirdness & Mutations

((You are very nimble when in or above water. (Stealth+, EV+, Speed+++)))
Your lower body shifts to a powerful aquatic tail in water.


Message History

a +0 club; a gnoll corpse You hit the gnoll.
The gnoll is severely wounded.
The gnoll misses you.
You puncture the gnoll!
You kill the gnoll!
Trog accepts your kill. The iguana bites you!
* * * LOW HITPOINT WARNING * * *
You have reached level 8!
You hit the iguana but do no damage. The iguana bites you.
* * * LOW HITPOINT WARNING * * *
You hit the iguana but do no damage. You barely miss the iguana.
The iguana closely misses you.
You hit the iguana.
The iguana is lightly wounded.
The iguana bites you but does no damage.
You hit the iguana but do no damage.
The iguana is lightly wounded.
You hit the iguana.
The iguana is moderately wounded.
The iguana misses you.
You hit the iguana but do no damage.
The iguana is moderately wounded.
The iguana bites you.
* * * LOW HITPOINT WARNING * * *
You hit the iguana but do no damage.
The iguana is moderately wounded.
The iguana bites you!
* * * LOW HITPOINT WARNING * * *
You completely miss the iguana.
The iguana is moderately wounded.
You hit the iguana.
The iguana is severely wounded.
The iguana bites you!
* * * LOW HITPOINT WARNING * * *
You hit the iguana but do no damage.
The iguana is severely wounded.
The iguana bites you!
You die...

...#.#####.#### #
##.#'## #.# #8...8#
......# #.# ##.....##
###...####.# _....._#
###...#....# #.....#
.....##+##.# #8...8#
....>......#####.....##
####.......'..#8.....8#
# #.......#####@)...#
####'###########8l..8#
.......)......####>###
##............#######
##.............##..##
##.#.#########....##
##'#...........####
.......#########
.......#


You could see an iguana.

Vanquished Creatures
  A steam dragon (D:4)
  An ice beast (D:5)
  An ogre (D:4)
  An elf zombie (Ossuary)
  A scorpion (D:4)
  2 hounds (D:4)
  A human zombie (Ossuary)
  2 iguanas (D:4)
  3 mummies (Ossuary)
  2 gnolls (D:4)
  8 adders
  An ufetubus (D:4)
  An adder zombie (Ossuary)
  A worm (D:4)
  3 dart slugs
  6 orcs
  10 ball pythons
  5 bats
  6 endoplasms
  5 giant cockroaches
  4 goblins
  10 hobgoblins
  7 jackals
  6 quokkas
  11 frilled lizards
  3 goblin zombies (Ossuary)
  2 hobgoblin zombies (Ossuary)
  A jackal zombie (D:4)
  10 kobolds
  5 kobold zombies (Ossuary)
  A quokka zombie (Ossuary)
  7 rats
  4 rat zombies (Ossuary)
132 creatures vanquished.

Notes
Turn   | Place    | Note
-------+----------+-------------------------------------------
     0 | D:1      | Strat the Merfolk Berserker began the quest for the Orb.
     0 | D:1      | Reached XP level 1. HP: 18/18 MP: 1/1
    82 | D:1      | Reached XP level 2. HP: 17/24 MP: 2/2
   337 | D:1      | Reached skill level 5 in Polearms
   579 | D:1      | Reached XP level 3. HP: 29/29 MP: 3/3
   684 | D:1      | Reached ** piety under Trog
   931 | D:1      | Found a faded altar of an unknown god.
  1434 | D:2      | Found an opulent altar of Gozag.
  1595 | D:2      | Reached XP level 4. HP: 35/35 MP: 4/4
  1900 | D:2      | Reached *** piety under Trog
  2326 | D:3      | Reached XP level 5. HP: 38/41 MP: 5/5
  2773 | D:3      | Noticed an air elemental
  2775 | D:3      | Found a stormy altar of Qazlal.
  2776 | D:3      | Noticed a fire elemental
  2776 | D:3      | Noticed a water elemental
  3091 | D:4      | Found a sand-covered staircase.
  3102 | Ossuary  | Entered an ossuary
  3114 | Ossuary  | Reached XP level 6. HP: 48/48 MP: 6/6
  3178 | Ossuary  | Reached **** piety under Trog
  3640 | D:4      | Noticed a steam dragon
  3667 | D:4      | Killed a steam dragon
  3668 | D:4      | Reached skill level 5 in Fighting
  3668 | D:4      | Reached skill level 5 in Dodging
  3668 | D:4      | Reached XP level 7. HP: 56/56 MP: 7/7
  4207 | D:5      | Entered Level 5 of the Dungeon
  4300 | D:4      | Found a white marble altar of Elyvilon.
  4300 | D:4      | Found a sparkling altar of Nemelex Xobeh.
  4432 | D:4      | Reached XP level 8. HP: 30/62 MP: 8/8
  4442 | D:4      | Slain by an iguana

Illustrated notes

Levels and vault maps discovered:
D:1:      wheals_arrival_linesprint, layout_loops_ring,
          shapermc_ecumenical_altar_acropolis, minmay_tetromino_s4
D:2:      layout_loops_ring, basic_altar, minmay_lizard_pond
D:3:      layout_basic, nicolae_qazlal_style_of_elements
D:4:      layout_basic, nicolae_overflow_hidden_temple, enter_ossuary_3,
          minmay_unequal
D:5:      layout_cave_pools, kennysheep_little_box, serial_shops,
          shop_fountains, nicolae_wooded_promenade

Skill      XL: |  1  2  3  4  5  6  7 |
---------------+----------------------+-----
Polearms       | 5 6 7 8 |  8.0
Dodging        | 3 5 8 |  8.3
Fighting       | 5 |  5.0
Armour         | |  1.3

Action                   |  1- 3 |  4- 6 |  7- 9 || total
-------------------------+-------+-------+-------++-------
Melee: Spear             |   146 |   290 |    79 ||   515
       Punch             |     1 |     1 |     1 ||     3
Invok: Berserk           |       |     2 |     1 ||     3
  Use: Scroll            |       |     5 |       ||     5
 Stab: Sleeping          |     2 |       |       ||     2
Armor: Animal skin       |    14 |       |       ||    14
       Ring mail         |     7 |    64 |    21 ||    92
Dodge: Dodged            |    63 |   112 |    38 ||   213

Table legend: (Time is in decaauts)
 A = Elapsed time spent in this place.
 B = Non-inter-level travel time spent in this place.
 C = Inter-level travel time spent in this place.
 D = Time resting spent in this place.
 E = Time spent auto-exploring this place.
 F = Levels seen in this place.
 G = Mean time per level.
                   A        B        C        D        E       F      G
               +--------+--------+--------+--------+--------+-----+--------+
         Total |   4336 |   4214 |    122 |    194 |   3082 |   6 |  722.7 |
       Dungeon |   3976 |   3854 |    122 |    147 |   2881 |   5 |  795.2 |
       Ossuary |    360 |    360 |      0 |     47 |    201 |   1 |  360.0 |
               +--------+--------+--------+--------+--------+-----+--------+

Top non-repeatable levels by time:
     D:1: 1371 daAuts
     D:4: 984 daAuts
     D:2: 806 daAuts
     D:3: 723 daAuts
 Ossuary: 360 daAuts
     D:5: 89 daAuts
